 Dungeon Crawl Stone Soup version 0.28.0-43-g3370ac3207 (webtiles) character file.

Game seed: 7338210229980220108

121 Descartes the Stinger (level 4, -20/24 HPs)
             Began as a Deep Elf Wanderer on Mar 19, 2022.
             Demolished by an ogre
             ... wielding a +0 giant club
              (30 damage)
             ... on level 4 of the Dungeon.
             The game lasted 00:09:25 (2375 turns).

Descartes the Stinger (Deep Elf Wanderer)           Turns: 2375, Time: 00:09:26

Health: -20/24     AC:  9    Str: 10    XL:     4   Next: 76%
Magic:  3/10       EV: 10    Int: 21    God:
Gold:   89         SH:  0    Dex: 11    Spells: 3/8 levels left

rFire   . . .      SeeInvis .   a - +0 hand crossbow
rCold   . . .      Faith    .   (no shield)
rNeg    . . .      Spirit   .   k - +4 ring mail
rPois   .          Reflect  .   (no helmet)
rElec   .          Harm     .   (no cloak)
rCorr   .          Rampage  .   (no gloves)
Will    .....                   (no boots)
Stlth   ..........              (no amulet)
HPRegen 0.08/turn               (no ring)
MPRegen 0.12/turn               (no ring)

@: very slow
A: no striking features
a: no special abilities


You were on level 4 of the Dungeon.
You visited 1 branch of the dungeon, and saw 4 of its levels.

You collected 89 gold pieces.

Inventory:

Hand Weapons
 a - a +0 hand crossbow (weapon)
 m - a +0 hunting sling
Missiles
 b - 8 bolts (quivered ammo)
 d - 81 stones
 i - 17 arrows
 j - 2 javelins
Armour
 c - a +0 ring mail
 k - a +4 ring mail (worn)
 n - a +0 ring mail of fire resistance
Jewellery
 q - an amulet of magic regeneration
Scrolls
 e - 2 scrolls of identify
 g - 2 scrolls of teleportation
 p - a scroll of silence
Potions
 f - a potion of curing {unknown}
 h - a potion of heal wounds {unknown}
 l - a potion of degeneration {unknown}
 o - a potion of cancellation {unknown}


   Skills:
 + Level 1.2 Crossbows
 - Level 2.0 Armour
 + Level 1.0 Dodging
 + Level 2.7 Spellcasting
 + Level 1.4 Conjurations
 + Level 0.5 Hexes
 + Level 4.9 Poison Magic
 + Level 2.1 Invocations
 + Level 2.2 Evocations


You had 3 spell levels left.
You knew the following spells:

 Your Spells              Type           Power      Damage    Failure   Level
a - Magic Dart            Conj           32%        1d4       19%         1
b - Sting                 Tmut/Pois      52%        1d5       13%         1
c - Dazzling Flash        Conj/Hex       14%        N/A       56%         3

Your spell library contained the following spells:

 Spells                   Type           Power      Damage    Failure   Level
 Searing Ray              Conj           16%        2d5       28%         2
 Spider Form              Tmut/Pois      13%        N/A       36%         3
 Mephitic Cloud           Conj/Pois/Air  11%        N/A       41%         3
 Fulminant Prism          Conj/Hex       3%         3d6       92%         4
 Animate Dead             Necr           1%         N/A       98%         4
 Agony                    Necr           2%         N/A       100%        5
 Borgnjor's Vile Clutch   Necr/Erth      1%         N/A       100%        5
 Silence                  Hex/Air        2%         N/A       100%        5
 Death Channel            Necr           1%         N/A       100%        6


Dungeon Overview and Level Annotations

Branches:
Dungeon (4/15)
 Temple: D:4-7

Altars:
Dithmenos

Portals:
Sewer: D:4


Message History

The ogre is lightly wounded.
Found a robe.
You see here an orange potion.
The ogre looks more healthy.
You see here a +0 robe.
The ogre misses you.
Casting: Sting (safe; 13% risk of failure)
Confirm with . or Enter, or press ? or * to list all spells.
Aiming: Sting (safe; 13% risk of failure)
Press: ? - help, Shift-Dir - straight line, f/p - ogre
Aim: an ogre, wielding a +0 giant club (moderately wounded, 86% to hit)
The sting hits the ogre.
The ogre is poisoned.
The ogre is moderately wounded.
Found a glowing drain.
Casting: Sting (safe; 13% risk of failure)
Confirm with . or Enter, or press ? or * to list all spells.
Aiming: Sting (safe; 13% risk of failure)
Press: ? - help, Shift-Dir - straight line, f/p - ogre
Aim: an ogre, wielding a +0 giant club (heavily wounded, poisoned, 86% to hit)
The sting hits the ogre.
The ogre looks even sicker.
The ogre is severely wounded.
The ogre barely misses you.
Found 9 gold pieces.
You enter the shallow water.
Moving in this stuff is going to be slow.
A worm comes into view.
You hear the slow rusting of a drain.
The ogre hits you with a +0 giant club!
Ouch! That really hurt!
Casting: Sting (safe; 13% risk of failure)
Confirm with . or Enter, or press ? or * to list all spells.
Aiming: Sting (safe; 13% risk of failure)
Press: ? - help, Shift-Dir - straight line, f/p - ogre
Aim: an ogre, wielding a +0 giant club (severely wounded, very poisoned, 86% to hit)
The sting hits the ogre.
The ogre looks even sicker.
The ogre is almost dead.
Unknown command.
The ogre hits you with a +0 giant club!!
Ouch! That really hurt!
You die...

#### ## ####
#...#####≈≈###
#..≈≈≈≈@≈≈...#
#≈w≈≈≈≈≈O....#
##≈≈∩####...##
# #≈≈##......#
## #≈
#...###.# ##.
# #.......#
#.. #...###.#
#.. ...$ #.#
#.. .... #.#
#..


You could see an ogre (very poisoned) and a worm.

Vanquished Creatures
  A hound (D:4)
  3 adders
  An adder skeleton (D:3)
  A worm (D:2)
  8 endoplasms
  4 giant cockroaches
  3 goblins
  5 hobgoblins
  3 jackals (D:3)
  8 kobolds
  5 quokkas
  5 ball pythons
  4 bats
  A frilled lizard (D:2)
  6 rats
58 creatures vanquished.

Notes
Turn   | Place    | Note
-------+----------+-------------------------------------------
     0 | D:1      | Descartes the Deep Elf Wanderer began the quest for the
                  | Orb.
     0 | D:1      | Descartes set off with the following items: a +0 hand
                  | crossbow, 21 bolts, a +0 ring mail; and the following spell
                  | memorised: Sting; and the following spells available to
                  | memorise: Spider Form, Mephitic Cloud
     0 | D:1      | Reached XP level 1. HP: 10/10 MP: 5/5
    73 | D:1      | Reached XP level 2. HP: 15/15 MP: 6/6
   150 | D:1      | Learned a level 1 spell: Magic Dart
   867 | D:1      | Reached XP level 3. HP: 19/19 MP: 8/8
  1760 | D:3      | Found a shadowy altar of Dithmenos.
  1879 | D:3      | Reached skill level 1 in Conjurations
  1879 | D:3      | Reached XP level 4. HP: 18/24 MP: 3/9
  2003 | D:3      | Learned a level 3 spell: Dazzling Flash
  2043 | D:3      | Found a faded altar of an unknown god.
  2306 | D:4      | Noticed an ogre
  2327 | D:4      | Reached skill level 1 in Dodging
  2369 | D:4      | Found a glowing drain.
  2375 | D:4      | Demolished by an ogre

Illustrated notes

Levels and vault maps discovered:
D:1:      denvon_arrival_waterhouse, layout_basic, chequers_serial_rivers_marsh
D:2:      layout_rooms
D:3:      layout_basic, nicolae_overflow_crystal_walls,
          hellmonk_ecumenical_altar_pennies_from_heaven, minmay_crystal_room
D:4:      layout_rooms, cheibrodos_sewer_entry_bend, kennysheep_donut,
          uniq_robin

Skill      XL: |  1  2  3  4 |
---------------+-------------+-----
Spellcasting   | 2 |  2.7
Armour         | 2 |  2.0
Conjurations   | 1 |  1.4
Evocations     | 2 |  2.2
Invocations    | 2 |  2.1
Dodging        | 1 |  1.0
Crossbows      | |  1.2
Hexes          | |  0.5
Poison Magic   | |  4.9

Action                   |  1- 3 |  4- 6 || total
-------------------------+-------+-------++-------
 Fire: Hand crossbow     |    69 |    11 ||    80
 Cast: Sting             |    44 |    19 ||    63
       Magic Dart        |     6 |     2 ||     8
  Use: Scroll            |       |     2 ||     2
Armor: Ring mail         |    26 |     6 ||    32
Dodge: Dodged            |    29 |    13 ||    42
